 Dungeon Crawl Stone Soup version 0.30.1-3-gfc49f6343a (webtiles) character file.

Game seed: 4395842169909390076

35444 javelincjr the Fighter (level 13, 0/106 HPs)
             Began as a Demonspawn Fighter on July 24, 2023.
             Was the Champion of Makhleb.
             Incinerated by a smoke demon (9 damage)
             ... with a sticky flame
             ... on level 5 of the Lair of Beasts.
             The game lasted 01:08:55 (13355 turns).

javelincjr the Fighter (Demonspawn Fighter)        Turns: 13355, Time: 01:08:56

Health: 0/106      AC: 31    Str: 25    XL:     13   Next: 47%
Magic:  20/20      EV: 10    Int: 20    God:    Makhleb [******]
Gold:   1072       SH: 12    Dex: 21    Spells: 12/12 levels left

rFire   . . .        a - +2 war axe (venom)
rCold   + . .        m - +0 kite shield {AC+3}
rNeg    . . .        S - +4 plate armour of Disappointment {+Inv rF- rCorr Int+7}
rPois   +            w - +3 hat of Yesterday {Contam Rampage rPois rC+ Str+5}
rElec   .            B - +1 cloak
rCorr   +            H - +1 pair of gloves
SInv    +            h - +0 pair of boots
Will    .....        (no amulet)
Stlth   +            x - ring of see invisible
HPRegen 0.00/turn    y - ring of fire
MPRegen 0.17/turn

%: rampage
@: on fire, sick, glowing
A: antennae 2, thin skeletal structure 3, powered by death 1, spiny 2, agile 1,
clever 1, cold resistance 1, noise suppression
a: Renounce Religion, Evoke Invisibility, Minor Destruction, Lesser Servant of
Makhleb, Major Destruction, Greater Servant of Makhleb


You were on level 5 of the Lair of Beasts.
You worshipped Makhleb.
Makhleb was exalted by your worship.
You visited 2 branches of the dungeon, and saw 13 of its levels.
You also visited: Ossuary.

You collected 1072 gold pieces.

Inventory:

Hand Weapons
 a - a +2 war axe of venom (weapon)
 c - a +1 whip of draining
 j - a +1 rapier of distortion
Missiles
 e - 6 datura-tipped darts
 q - 33 poisoned darts (quivered)
 u - 3 silver boomerangs
 I - 5 curare-tipped darts
 Q - 7 boomerangs
Armour
 h - a +0 pair of boots (worn)
 k - a +0 plate armour
 m - a +0 kite shield of protection (worn)
 w - the +3 hat of Yesterday (worn) {Contam Rampage rPois rC+ Str+5}
   (You acquired it on level 8 of the Dungeon)

   Str:       It affects your strength (+5).
   rC:        It protects you from cold.
   rPois:     It protects you from poison.
   Contam:    It causes magical contamination when unequipped.
   Rampage:   It bestows one free step when moving towards enemies.
 B - a +1 cloak (worn)
 H - a +1 pair of gloves (worn)
 S - the +4 plate armour of Disappointment (worn) {+Inv rF- rCorr Int+7}
   (You found it on level 5 of the Lair of Beasts)

   Int:       It affects your intelligence (+7).
   rF:        It makes you vulnerable to fire.
   +Inv:      It lets you turn invisible.
   rCorr:     It protects you from acid and corrosion.
Magical Staves
 o - a staff of fire
Jewellery
 x - a ring of see invisible (left hand)
 y - a ring of fire (right hand)
 D - a ring of resist corrosion
 O - a ring of magical power
 R - a ring of ice
 Z - a +6 ring of dexterity
Wands
 t - a wand of polymorph (3)
 J - a wand of light (10)
 W - a wand of paralysis (5)
Scrolls
 f - 3 scrolls of vulnerability
 n - a scroll of fog
 v - 6 scrolls of teleportation
 z - 10 scrolls of noise
 E - 6 scrolls of fear
 F - a scroll of amnesia {unknown}
 G - 2 scrolls of butterflies
 K - a scroll of brand weapon
 L - 4 scrolls of blinking
 N - 2 scrolls of immolation
 P - 2 scrolls of poison
 V - a scroll of magic mapping {unknown}
Potions
 b - 2 potions of haste
 d - 3 potions of might
 g - 11 potions of curing
 i - a potion of lignification {unknown}
 p - 3 potions of flight
 r - 4 potions of heal wounds
 s - 8 potions of mutation
 A - 3 potions of resistance
 C - a potion of attraction {unknown}
 M - 2 potions of magic
 T - a potion of brilliance {unknown}
 U - a potion of berserk rage {unknown}
 Y - a potion of invisibility {unknown}


   Skills:
 * Level 11.6 Fighting
 + Level 3.3(5.3) Axes
 - Level 6.5(6.9) Maces & Flails
 + Level 6.6 Throwing
 * Level 10.6 Armour
 + Level 6.5 Dodging
 + Level 4.1 Stealth
 + Level 7.9 Shields
 + Level 10.2 Invocations


You had 12 spell levels left.
You didn't know any spells.
Your spell library contained the following spells:

 Spells                   Type           Power      Damage    Failure   Level
 Apportation              Tloc           0%         N/A       98%         1
 Foxfire                  Conj/Fire      0%         2x1d4     98%         1
 Magic Dart               Conj           0%         1d3       98%         1
 Necrotise                Necr           0%         1d4       98%         1
 Shock                    Conj/Air       0%         1d3       98%         1
 Sting                    Tmut/Pois      0%         1d3       98%         1
 Summon Small Mammal      Summ           0%         N/A       98%         1
 Ensorcelled Hibernation  Hex/Ice        0%         N/A       99%         2
 Passwall                 Tmut/Erth      0%         N/A       99%         2
 Searing Ray              Conj           0%         2d4       99%         2
 Dazzling Flash           Conj/Hex       0%         N/A       100%        3
 Spider Form              Tmut/Pois      0%         N/A       100%        3
 Stone Arrow              Conj/Erth      0%         3d7       100%        3
 Swiftness                Air            0%         N/A       100%        3
 Tukima's Dance           Hex            0%         N/A       100%        3
 Vampiric Draining        Necr           0%         2d6       100%        3
 Airstrike                Air            0%         2d(0-16)  100%        4
 Anguish                  Hex/Necr       0%         N/A       100%        4
 Animate Armour           Summ/Erth      0%         N/A       100%        4
 Fulminant Prism          Conj/Hex       0%         3d5       100%        4
 Petrify                  Tmut/Erth      0%         N/A       100%        4
 Agony                    Necr           0%         N/A       100%        5
 Blade Hands              Tmut           0%         N/A       100%        5
 Fireball                 Conj/Fire      0%         3d3       100%        5
 Irradiate                Conj/Tmut      0%         3d11      100%        5
 Iskenderun's Battlesphe  Conj           0%         2d6       100%        5
 Metabolic Englaciation   Hex/Ice        0%         N/A       100%        5
 Conjure Ball Lightning   Conj/Air       0%         3x3d6     100%        6
 Iron Shot                Conj/Erth      0%         9d1       100%        6
 Plasma Beam              Fire/Air       0%         2x1d11    100%        6
 Starburst                Conj/Fire      0%         6d3       100%        6
 Statue Form              Tmut/Erth      0%         N/A       100%        6
 Dragon Form              Tmut           0%         N/A       100%        7
 Orb of Destruction       Conj           0%         9d5       100%        7
 Storm Form               Tmut/Air       0%         N/A       100%        7
 Lehudib's Crystal Spear  Conj/Erth      0%         10d2      100%        8
 Chain Lightning          Conj/Air       0%         N/A       100%        9
 Fire Storm               Conj/Fire      0%         5d1       100%        9
 Shatter                  Erth           0%         3d5*      100%        9


Dungeon Overview and Level Annotations

Branches:
Dungeon (8/15)             Temple (0/1) D:5            Lair (5/5) D:8
 Shoals (0/4) Lair:3        Snake (0/4) Lair:2      Ossuary (visited)
  Slime: Lair:4-5

Altars:
Ashenzari
Dithmenos
Gozag
Makhleb
Okawaru
Qazlal
Uskayaw
Wu Jian
Yredelemnul

Shops:
D:7 (   D:8 [


Innate Abilities, Weirdness & Mutations

You have a pair of antennae on your head.
You have an unnaturally thin skeletal structure. (Dex +6, Stealth+++)
You regenerate a little health from kills.
You are mostly covered in sharp spines.
You are agile. (Dex +4, Str/Int -1)
Your mind is acute. (Int +4, Str/Dex -1)
Your flesh is cold resistant. (rC+)
You passively dampen the noise of your surroundings.


Message History

You slash the yak!
You kill the yak!
Makhleb accepts your kill.
You feel better. You block the smoke demon's attack.
The smoke demon barely misses you. x2; You feel ill.
You slash the smoke demon!
The smoke demon is moderately wounded.
The smoke demon hits you but does no damage.
You block the smoke demon's attack.
The smoke demon hits you but does no damage.
You barely miss the smoke demon.
The smoke demon is moderately wounded.
You block the smoke demon's attack. x2
The smoke demon hits you but does no damage.
The smoke demon gestures at you. Something smites you!
* * * LOW HITPOINT WARNING * * *
A demon appears!
The smoke demon gestures at you.
The sticky flame hits you but does no damage.
You are covered in liquid flames!
The smoke demon gestures at you. Something smites you!
* * * LOW HITPOINT WARNING * * *
You feel much better.
You are covered in liquid flames!
* * * LOW HITPOINT WARNING * * *
The smoke demon gestures at you. Something smites you!
* * * LOW HITPOINT WARNING * * *
The ancient zyme is struck by your spines.
The ancient zyme hits you.
* * * LOW HITPOINT WARNING * * *
The ancient zyme hits you.
* * * LOW HITPOINT WARNING * * *
You feel ill.
Your ynoxinul gestures.
You swap places.
You are covered in liquid flames!
You die...

♣♣♣♣♣♣♣ ♣♣ ♣♣♣♣.....♣ ♣♣ ♣.♣
♣♣♣.....♣♣........♣ ..♣
♣♣♣....†.♣♣ ♣♣..... ♣
♣♣...[†.♣♣♣ ..♣ ♣♣
♣♣♣.......♣♣♣♣♣♣♣♣†.♣♣
.♣♣♣♣♣......♣♣5.5♣♣..Y†3..♣
†..♣♣....♣♣♣♣♣♣.@33Y.♣♣.♣..♣
♣......♣♣♣ ♣♣♣♣x♣♣♣ ♣
♣....♣♣♣ ♣♣♣ ...♣♣♣♣♣ {
..♣♣♣♣.♣ { .♣♣♣...♣ .♣♣♣♣..♣
...♣♣..♣♣♣ ♣.... ♣♣.......♣
.....


You could see an ancient zyme, 2 yaks, 2 smoke demons, a friendly ynoxinul
(summoned) and 2 friendly ufetubi.

Vanquished Creatures
  A fire dragon (shapeshifter) (Lair:5)
  A hydra (Lair:5)
  6 death yaks
  A skyshark (Lair:5)
  A large abomination (Lair:5)
  3 harpies (Lair:3)
  5 elephants (Lair:4)
  3 oklob plants
  2 black mambas
  Joseph (D:7)
  A torpor snail (Lair:1)
  7 cane toads
  A smoke demon (Lair:5)
  An unseen horror (shapeshifter) (Lair:5)
  2 rime drakes (Lair:2)
  7 komodo dragons
  4 polar bears
  Grinder (D:6)
  A hornet (D:8)
  Prince Ribbit (D:6)
  19 blink frogs
  5 dream sheep
  Sigmund (D:2)
  A spriggan (Lair:5)
  6 basilisks
  A ynoxinul (Lair:5)
  35 yaks
  8 small abominations (Lair:5)
  2 steam dragons
  3 wargs (D:8)
  Menkaure (D:7)
  3 nagas (Lair:2)
  9 water moccasins
  A black bear (D:6)
  An ice beast (D:6)
  4 sky beasts
  An ogre (D:5)
  17 wolves
  3 centaurs
  2 phantoms (D:5)
  A kobold brigand (D:8)
  6 bullfrogs
  A gnoll sergeant (D:8)
  2 scorpions
  2 jellies (D:4)
  A howler monkey (D:6)
  4 hounds
  2 centaur zombies (Ossuary)
  3 gnoll boudas
  2 human zombies (Ossuary)
  4 orc priests
  3 sleepcaps
  2 iguanas
  9 orc wizards
  7 hell rats (Lair:2)
  3 mummies (Ossuary)
  18 gnolls
  8 adders
  3 shadow imps
  2 ufetubi
  2 worms (D:4)
  A dart slug (D:1)
  26 orcs
  9 ball pythons
  4 bats
  5 endoplasms
  5 giant cockroaches
  14 goblins
  17 hobgoblins
  22 kobolds
  4 quokkas
  4 frilled lizards
  A goblin zombie (Ossuary)
  2 hobgoblin zombies (Ossuary)
  An orc zombie (Ossuary)
  3 rats
376 creatures vanquished.

Notes
Turn   | Place    | Note
-------+----------+-------------------------------------------
     0 | D:1      | javelincjr the Demonspawn Fighter began the quest for the
                  | Orb.
     0 | D:1      | Reached XP level 1. HP: 18/18 MP: 1/1
   154 | D:1      | Gained mutation: You have a pair of small antennae on your
                  | head. [demonic ancestry]
   154 | D:1      | Reached XP level 2. HP: 21/24 MP: 2/2
   340 | D:1      | You fall into a shaft and drop 1 floor!
   340 | D:2      | Found a faded altar of an unknown god.
   342 | D:2      | Prayed at the altar of an unknown god.
   342 | D:2      | Became a worshipper of Makhleb the Destroyer
   342 | D:2      | Reached * piety under Makhleb
   496 | D:2      | Noticed Sigmund
   705 | D:1      | Gained mutation: You have a somewhat thin skeletal
                  | structure. (Dex +2, Stealth+) [demonic ancestry]
   705 | D:1      | Reached XP level 3. HP: 29/29 MP: 3/3
   995 | D:2      | Reached skill level 1 in Invocations
  1053 | D:2      | Killed Sigmund
  1054 | D:2      | Reached skill level 4 in Fighting
  1054 | D:2      | Gained mutation: You are partially covered in sharp spines.
                  | [demonic ancestry]
  1054 | D:2      | Reached XP level 4. HP: 22/37 MP: 3/5
  1054 | D:2      | Reached XP level 5. HP: 25/42 MP: 3/6
  1254 | D:2      | Reached ** piety under Makhleb
  1850 | D:3      | Found a broken altar of Ashenzari.
  2009 | D:3      | Gained mutation: You are mostly covered in sharp spines.
                  | [demonic ancestry]
  2009 | D:3      | Reached XP level 6. HP: 49/49 MP: 7/7
  2601 | D:4      | Reached *** piety under Makhleb
  2761 | D:4      | Found a shadowy altar of Dithmenos.
  2762 | D:4      | Found a hide-covered altar of Uskayaw.
  2779 | D:4      | Gained mutation: You regenerate a little health from kills.
                  | [demonic ancestry]
  2779 | D:4      | Reached XP level 7. HP: 54/55 MP: 9/9
  3112 | D:5      | Entered Level 5 of the Dungeon
  3121 | D:5      | Reached skill level 5 in Fighting
  3374 | D:5      | Reached skill level 5 in Armour
  3382 | D:5      | Reached skill level 1 in Maces & Flails
  3382 | D:5      | Reached skill level 1 in Throwing
  3387 | D:5      | Reached skill level 1 in Dodging
  3474 | D:5      | Reached XP level 8. HP: 63/63 MP: 9/11
  3654 | D:5      | Found a staircase to the Ecumenical Temple.
  3681 | D:5      | Got Sif Muna's Tractate on Turbulence and the Shift
  3816 | D:5      | Found a basalt altar of Yredelemnul.
  4086 | D:6      | Reached **** piety under Makhleb
  4087 | D:6      | Reached skill level 6 in Fighting
  4352 | D:6      | Noticed Prince Ribbit
  4371 | D:6      | Killed Prince Ribbit
  4379 | D:6      | Noticed Grinder
  4392 | D:6      | Reached skill level 5 in Invocations
  4392 | D:6      | Paralysed by Grinder for 3 turns
  4403 | D:6      | Killed Grinder
  4404 | D:6      | Gained mutation: You have a moderately thin skeletal
                  | structure. (Dex +4, Stealth++) [demonic ancestry]
  4404 | D:6      | Reached XP level 9. HP: 46/71 MP: 12/12
  4556 | D:7      | Found an ornate altar of the Wu Jian Council.
  4751 | D:7      | Found an opulent altar of Gozag.
  4858 | D:7      | Found an iron altar of Okawaru.
  4897 | D:7      | Noticed Joseph
  4911 | D:7      | Killed Joseph
  4912 | D:7      | Reached skill level 7 in Fighting
  4952 | D:7      | Reached skill level 5 in Shields
  4955 | D:7      | Identified a scroll of acquirement
  4997 | D:7      | Noticed Menkaure
  5010 | D:7      | Killed Menkaure
  5066 | D:7      | Found a sand-covered staircase.
  5103 | Ossuary  | Entered an ossuary
  5571 | D:7      | Reached ***** piety under Makhleb
  6018 | D:7      | Found Igaucyob's Antique Weapon Shop.
  6996 | D:8      | Found a stormy altar of Qazlal.
  7018 | D:8      | Reached XP level 10. HP: 75/80 MP: 14/14
  7213 | D:8      | Found a staircase to the Lair.
  7468 | D:8      | Found Diotz's Armour Shop.
  7753 | D:8      | Acquired the +3 hat of Yesterday {Contam Rampage rPois rC+
                  | Str+5}
  7807 | Lair:1   | Entered Level 1 of the Lair of Beasts
  7867 | Lair:1   | Reached skill level 8 in Fighting
  7940 | Lair:1   | Gained mutation: You are weak. (Str -2) [potion of
                  | mutation]
  7940 | Lair:1   | Gained mutation: You have large cloven feet. [potion of
                  | mutation]
  7941 | Lair:1   | Lost mutation: You have large cloven feet. [potion of
                  | mutation]
  7941 | Lair:1   | Lost mutation: You are weak. (Str -2) [potion of mutation]
  7941 | Lair:1   | Gained mutation: You are agile. (Dex +4, Str/Int -1)
                  | [potion of mutation]
  7941 | Lair:1   | Gained mutation: Your mind is acute. (Int +4, Str/Dex -1)
                  | [potion of mutation]
  7941 | Lair:1   | Gained mutation: Your flesh is cold resistant. (rC+)
                  | [potion of mutation]
  7941 | Lair:1   | Gained mutation: You passively dampen the noise of your
                  | surroundings. [potion of mutation]
  8118 | Lair:1   | Noticed a cane toad
  8122 | Lair:1   | Killed a cane toad
  8319 | Lair:1   | Noticed a torpor snail
  8320 | Lair:1   | Noticed a cane toad
  8343 | Lair:1   | Killed a torpor snail
  8350 | Lair:1   | Killed a cane toad
  8400 | Lair:1   | Gained mutation: You have an unnaturally thin skeletal
                  | structure. (Dex +6, Stealth+++) [demonic ancestry]
  8400 | Lair:1   | Reached XP level 11. HP: 80/87 MP: 16/16
  8662 | Lair:2   | Noticed an oklob plant
  8662 | Lair:2   | Noticed an oklob plant
  8764 | Lair:2   | Reached skill level 9 in Fighting
  8969 | Lair:2   | Found a staircase to the Snake Pit.
  9728 | Lair:2   | Killed an oklob plant
 10055 | Lair:2   | Killed an oklob plant
 10236 | Lair:3   | Reached skill level 5 in Maces & Flails
 10236 | Lair:3   | Reached skill level 5 in Throwing
 10384 | Lair:3   | Reached ****** piety under Makhleb
 10391 | Lair:3   | Reached skill level 5 in Dodging
 10535 | Lair:3   | Found a staircase to the Shoals.
 10535 | Lair:3   | Noticed a harpy
 10535 | Lair:3   | Noticed a harpy
 10535 | Lair:3   | Noticed a harpy
 10548 | Lair:3   | Killed a harpy
 10549 | Lair:3   | Killed a harpy
 10565 | Lair:3   | Killed a harpy
 10792 | Lair:3   | Reached skill level 10 in Fighting
 10865 | Lair:3   | Gained mutation: You have a pair of antennae on your head.
                  | [demonic ancestry]
 10865 | Lair:3   | Reached XP level 12. HP: 97/97 MP: 18/18
 11134 | Lair:4   | Reached skill level 1 in Stealth
 12059 | Lair:5   | Entered Level 5 of the Lair of Beasts
 12113 | Lair:5   | Noticed a death yak
 12113 | Lair:5   | Noticed a death yak
 12118 | Lair:5   | Noticed a death yak
 12118 | Lair:5   | Noticed a death yak
 12119 | Lair:5   | Noticed a death yak
 12122 | Lair:5   | Noticed a death yak
 12132 | Lair:4   | Killed a death yak
 12256 | Lair:4   | Killed a death yak
 12256 | Lair:4   | Killed a death yak
 12257 | Lair:4   | Reached skill level 11 in Fighting
 12257 | Lair:4   | Reached skill level 10 in Armour
 12368 | Lair:4   | Killed a death yak
 12374 | Lair:4   | Killed a death yak
 12389 | Lair:4   | Reached XP level 13. HP: 106/106 MP: 20/20
 12688 | Lair:5   | Reached skill level 10 in Invocations
 12693 | Lair:5   | HP: 4/106 [large abomination (20)]
 12694 | Lair:5   | HP: 1/106 [burnt (3)]
 13134 | Lair:5   | Noticed a broodmother
 13139 | Lair:5   | a broodmother changed into a fire dragon
 13139 | Lair:5   | Noticed a fire dragon (shapeshifter)
 13151 | Lair:5   | Killed a fire dragon
 13257 | Lair:5   | Identified the +4 plate armour of Disappointment {+Inv rF-
                  | rCorr Int+7}
 13287 | Lair:5   | Got the Omnibus of Petrous Ensorcelling
 13353 | Lair:5   | HP: 2/106 [smoke demon/divine providence (16)]
 13355 | Lair:5   | Incinerated by a smoke demon

Illustrated notes

Levels and vault maps discovered:
D:1:      minmay_arrival_four_loops, layout_basic
D:2:      layout_basic, serial_bayou, serial_bayou_pond_a, serial_bayou_pond_c,
          serial_bayou_shore_a, serial_bayou_pond_b, serial_bayou_lagoon_b,
          basic_ecumenical_altar, minivault_26, grunt_ministairs_1, uniq_sigmund
D:3:      layout_loops_ring, nicolae_ashenzari_skybound, guppyfry_early_orc_mine
D:4:      layout_basic, jmf_multi_god_temple
D:5:      layout_rooms, kennysheep_mini, minmay_temple_entry_proselytizer,
          minmay_fountain_box, nicolae_elevator_lobby_plus
D:6:      layout_loops_ring, elyvilon_altar_4, uniq_grinder, uniq_prince_ribbit1
D:7:      corexii_shantytown, layout_layer_cave,
          nicolae_gozag_cash_rules_everything_around_me,
          nzn_wu_jian_contemplation, okawaru_altar_gauntlet_db,
          nicolae_ossuary_entry_false_entrances, serial_shops,
          nicolae_shop_waterfront, minmay_stone_trees_small, sigmund_army,
          uniq_menkaure, uniq_joseph
D:8:      layout_loops_corners, mainiacjoe_overflow_concentric_impassable,
          erik_lair_orcish_takeover, serial_shops, shop
Lair:1:   layout_roguey, serial_bayou_crossing, grunt_megastairs_5
Lair:2:   dpeg_oklob_shooting_range, layout_loops_ring,
          guppyfry_snake_entry_garden, infiniplex_staircase_pool_2
Lair:3:   layout_regular_city, nicolae_shoals_entry_roost
Lair:4:   layout_gridlike
Lair:5:   hellmonk_lair_end_abyssal_woods, layout_regular_city, slime_entry_1,
          st_stairs_6

Skill      XL: |  1  2  3  4  5  6  7  8  9 10 11 12 13 |
---------------+----------------------------------------+-----
Axes           | 2 3 |  3.3
Armour         | 3 4 5 6 7 8 9 10 | 10.6
Shields        | 3 4 5 6 7 |  7.9
Invocations    | 2 3 4 5 6 7 8 9 10 | 10.2
Fighting       | 4 5 6 7 8 10 11 | 11.6
Maces & Flails | 1 2 3 4 5 6 |  6.5
Throwing       | 1 2 3 4 5 6 |  6.6
Dodging        | 1 2 3 4 5 6 |  6.5
Stealth        | 3 4 |  4.1

Action                     |  1- 3 |  4- 6 |  7- 9 | 10-12 | 13-15 || total
---------------------------+-------+-------+-------+-------+-------++-------
  Melee: War axe           |    82 |    52 |       |    61 |   137 ||   332
         Whip              |       |    47 |   394 |   638 |    14 ||  1093
  Throw: Dart              |       |       |     9 |     5 |       ||    14
 Invoke: Minor Destruction |       |     4 |    22 |    69 |    11 ||   106
         Major Destruction |       |       |       |     2 |       ||     2
         Lesser Servant of |       |       |       |       |     3 ||     3
    Use: Scroll            |       |       |    12 |    11 |     4 ||    27
         Potion            |       |       |       |     2 |     3 ||     5
 Armour: Scale mail        |    10 |       |       |       |       ||    10
         Plate armour      |    36 |    59 |   203 |   424 |   158 ||   880
  Dodge: Dodged            |    30 |     7 |   102 |   256 |    65 ||   460
  Block: Buckler           |     7 |       |       |       |       ||     7
         Kite shield       |    10 |    54 |   196 |   477 |   135 ||   872
